 Dungeon Crawl Stone Soup version 0.20.1-1-g8b1a95d (webtiles) character file.

25276 Irenicus the Black Belt (level 12, 0/110 HPs)
             Began as a Deep Dwarf Monk on Oct 19, 2017.
             Was the Champion of Makhleb.
             Slain by an orc knight
             ... wielding a +3 great mace
              (20 damage)
             ... on level 2 of the Orcish Mines.
             The game lasted 00:50:18 (10580 turns).

Irenicus the Black Belt (Deep Dwarf Monk)          Turns: 10580, Time: 00:50:18

Health: 0/110      AC: 17    Str: 16    XL:     12   Next: 88%
Magic:  19/19      EV: 13    Int: 15    God:    Makhleb [******]
Gold:   484        SH:  0    Dex: 17    Spells: 8/11 levels left

rFire    + . .     SeeInvis +     - Unarmed
rCold    . . .     Gourm    .   (no shield)
rNeg     . . .     Faith    .   o - +4 scale mail of Resilience {rCorr}
rPois    +         Spirit   .   G - +2 hat {SInv}
rElec    .         Reflect  .   v - +2 cloak
rCorr    +         Harm     .   (no gloves)
MR       ++...                  J - +0 pair of boots "Cidoomul" {rF+ Int+4}
Stlth    +.........             s - amulet of rage
Regen    0.0/turn               U - ring of protection from magic
MPRegen  0.2/turn               E - ring of poison resistance

@: berserk cooldown, non-regenerating, slowed, very slow
A: damage resistance, heal wounds, horns 1, clumsy 1, sense surroundings 2, no
regeneration
a: Heal Wounds, Minor Destruction, Lesser Servant of Makhleb, Major Destruction,
Greater Servant of Makhleb, Renounce Religion, Evoke Berserk Rage


You were on level 2 of the Orcish Mines.
You worshipped Makhleb.
Makhleb was exalted by your worship.
You were very hungry.

You visited 3 branches of the dungeon, and saw 15 of its levels.
You visited 2 bazaars.

You collected 1025 gold pieces.
You spent 541 gold pieces at shops.

Inventory:

Hand Weapons
 w - a +1 hunting sling of flaming
Missiles
 n - 262 stones (quivered)
Armour
 a - the +2 scale mail "Acikez" {rF- Int+7 Slay+2}
   (You found it on level 7 of the Dungeon)

   It affects your intelligence (+7).
   It affects your accuracy and damage with ranged weapons and melee attacks
   (+2).
   It makes you vulnerable to fire.
 f - a +1 scale mail of cold resistance
 o - the +4 scale mail of Resilience (worn) {rCorr}
   (You found it on level 5 of the Dungeon)

   It protects you from acid and corrosion.
 v - a +2 cloak (worn)
 G - a +2 hat of see invisible (worn)
 J - the +0 pair of boots "Cidoomul" (worn) {rF+ Int+4}
   (You bought it in a shop in a bazaar)

   It affects your intelligence (+4).
   It protects you from fire.
 M - the +1 robe of Failure {rElec Regen+ Str-5 Int+6}
   (You bought it in a shop in a bazaar)

   It affects your strength (-5).
   It affects your intelligence (+6).
   It insulates you from electricity.
   It increases your rate of regeneration.
Jewellery
 c - a +4 ring of intelligence
 j - an uncursed amulet of guardian spirit
 s - an amulet of rage (around neck)
 A - a +4 ring of intelligence
 E - a ring of poison resistance (right hand)
 P - an uncursed ring of ice
 U - a ring of protection from magic (left hand)
 Y - an uncursed ring of fire
Wands
 e - a wand of acid (5/15)
 y - a wand of confusion (24/48)
 B - a wand of polymorph (0/24)
 F - a wand of flame (14/48)
 Z - a wand of digging (2/24)
Scrolls
 h - 7 scrolls of identify
 i - 3 scrolls of remove curse
 k - 2 scrolls of amnesia
 m - a scroll of random uselessness
 p - 9 scrolls of teleportation
 r - 2 scrolls of blinking
 t - 2 scrolls of enchant armour
 u - 4 scrolls of fog
 C - 2 scrolls of noise
 H - a scroll of acquirement {unknown}
 S - a scroll of enchant weapon {unknown}
 T - 3 scrolls of fear {unknown}
 W - a scroll of summoning {unknown}
Potions
 d - 6 potions of curing
 l - a potion of agility
 q - 5 potions of mutation
 x - 3 potions of magic
 z - 3 potions of might
 D - a potion of lignification
 I - 3 potions of flight
 V - a potion of heal wounds
Books
 K - a book of Minor Magic

   Spells                             Type                      Level
   a - Magic Dart                     Conjuration                  1
   b - Blink                          Translocation                2
   c - Call Imp                       Summoning                    2
   d - Slow                           Hexes                        2
   e - Conjure Flame                  Conjuration/Fire             3
   f - Mephitic Cloud                 Conjuration/Poison/Air       3
 N - the Disquisition on the Helpful Blaze
   (You found it on level 8 of the Dungeon)

   Spells                             Type                      Level
   a - Infusion                       Charms                       1
   b - Shroud of Golubria             Charms/Translocation         2
   c - Inner Flame                    Hexes/Fire                   3
   d - Bolt of Magma                  Conjuration/Fire/Earth       5
   e - Ring of Flames                 Charms/Fire                  7
 O - a book of Changes

   Spells                             Type                      Level
   a - Beastly Appendage              Transmutation                1
   b - Sticks to Snakes               Transmutation                2
   c - Spider Form                    Transmutation/Poison         3
   d - Ice Form                       Ice/Transmutation            4
   e - Blade Hands                    Transmutation                5
Miscellaneous
 R - a fan of gales
Comestibles
 b - 9 bread rations
 g - 5 royal jellies
 L - 2 meat rations
 Q - a chunk of flesh


   Skills:
 - Level 8.0 Fighting
 - Level 3.3 Slings
 - Level 4.0 Armour
 + Level 5.6 Dodging
 - Level 2.4 Stealth
 - Level 15.0 Unarmed Combat
 - Level 11.0 Invocations
 + Level 7.4 Evocations


You had 8 spell levels left.
You knew the following spells:

 Your Spells              Type           Power        Failure   Level  Hunger
a - Beastly Appendage     Tmut           #.....       67%         1    ##.....
b - Blink                 Tloc           N/A          80%         2    ###....


Dungeon Overview and Level Annotations

Branches:
Dungeon (12/15)            Temple (1/1) D:5            Lair (0/6) D:9
    Orc (2/2) D:11
    Elf: Orc:2

Altars:
Cheibriados
Dithmenos
Hepliaklqana
Makhleb
Nemelex Xobeh
Okawaru
Qazlal
Ru
Trog
Uskayaw
Vehumet
Xom
Zin
Beogh

Shops:
D:12 *   Orc:1 %

Annotations:
D:7 2 transporters


Innate Abilities, Weirdness & Mutations

You are resistant to damage.
You can heal yourself by infusing magical energy.
You passively map the area around you.
You do not regenerate.
You have a pair of small horns on your head.
You are clumsy. (Dex -2)


Message History

You hit the orc knight.
The orc knight is almost dead.
The orc knight hits you with an enchanted great mace!!
The two-headed ogre barely misses you.
The two-headed ogre hits you but does no damage.
The orc priest mumbles some strange prayers to Beogh against you.
Beogh smites you!
Okay, then.
The orc knight hits you with an enchanted great mace!!
* * * LOW HITPOINT WARNING * * *
The two-headed ogre hits you with a giant spiked club.
The two-headed ogre barely misses you.
The orc knight hits you with an enchanted great mace!!
* * * LOW HITPOINT WARNING * * *
You feel much better.
The orc knight hits you with an enchanted great mace!!
* * * LOW HITPOINT WARNING * * *
You feel much better.
The orc knight hits you with an enchanted great mace!!
You die... * ≈ * #...# * * ** ##.$$## ,,, ≈ #....$# ,, * ≈≈ ..... *,,, ≈ oC.

, ,,, #'# * ,
, , #)# ** ,
*** ######O# ,
, #...@oO#* ,
, ,###'######
, ,#.....# , ,
, , +.)_..# *
, ** #...).# *
,, * *
#.###'#######*
,
#.....#.....#
, **
#####.#.....#
, , ,#.'..⌠..#
, , ,,


You could see an orc knight, a two-headed ogre and an ogre.

Vanquished Creatures
  Gastronok (D:10)
  5 two-headed ogres
  3 slime creatures (D:12)
  An unseen horror (D:10)
  Pikel (D:6)
  3 orc knights
  A manticore (D:12)
  An oklob plant (Orc:1)
  An orc sorcerer (Orc:2)
  A deep elf mage (D:12)
  A cyclops (D:11)
  2 ugly things (D:12)
  2 wolf spiders (Orc:1)
  A centaur zombie (D:12)
  A komodo dragon (D:11)
  A redback zombie (D:11)
  A hornet (D:10)
  2 trolls
  6 hippogriffs
  A spriggan (D:7)
  A redback (Orc:1)
  A wraith (D:11)
  A tarantella (Orc:1)
  A vampire (D:12)
  3 wargs
  2 hungry ghosts (D:11)
  Menkaure (D:6)
  An acid dragon (D:11)
  23 orc warriors
  5 ice beasts
  5 ogres
  4 phantoms
  3 centaurs
  3 big kobolds
  4 bullfrogs
  A water moccasin zombie (D:3)
  3 scorpions
  A wyvern skeleton (D:6)
  9 killer bees (D:10)
  3 crimson imps
  A bullfrog zombie (D:8)
  2 quasits (D:7)
  A jelly (D:7)
  A gnoll shaman (D:5)
  14 orc priests
  6 bullfrog skeletons
  Crazy Yiuf (D:3)
  5 hounds
  15 orc wizards
  An iguana (D:11)
  6 worker ants
  6 ogre zombies (D:11)
  A hound zombie (D:11)
  A hound skeleton (D:9)
  5 gnolls (D:5)
  6 adders
  2 shadow imps
  2 oozes
  3 adder skeletons
  3 dart slugs
  10 leopard geckos
  66 orcs
  3 ball pythons
  5 giant cockroaches
  8 goblins
  6 hobgoblins
  6 jackals
  16 kobolds
  5 quokkas
  5 bats
  4 frilled lizards
  5 goblin zombies (D:11)
  A leopard gecko zombie (D:7)
  An orc skeleton (D:11)
  12 orc zombies (D:11)
  A quokka skeleton (D:5)
  A quokka zombie (D:7)
  4 rats
352 creatures vanquished.

Vanquished Creatures (others)
  A centaur zombie (D:12)
  An orc wizard (D:6)
  An orc (Orc:2)
  An orc zombie (D:11)
4 creatures vanquished.

Grand Total: 356 creatures vanquished

Notes
Turn   | Place    | Note
-------+----------+-------------------------------------------
     0 | D:1      | Irenicus the Deep Dwarf Monk began the quest for the Orb.
     0 | D:1      | Reached XP level 1. HP: 20/20 MP: 1/1
   232 | D:1      | Reached skill level 3 in Unarmed Combat
   259 | D:1      | Reached XP level 2. HP: 27/27 MP: 2/2
   428 | D:1      | Reached skill level 1 in Armour
   778 | D:1      | Reached XP level 3. HP: 31/33 MP: 3/3
  1173 | D:2      | Reached skill level 4 in Unarmed Combat
  1775 | D:3      | Reached XP level 4. HP: 31/40 MP: 4/4
  1941 | D:3      | Found a runed door.
  1947 | D:3      | Noticed Crazy Yiuf
  1962 | D:3      | Killed Crazy Yiuf
  1962 | D:3      | Reached XP level 5. HP: 20/46 MP: 5/5
  2299 | D:4      | Reached skill level 1 in Evocations
  2820 | D:5      | Entered Level 5 of the Dungeon
  2870 | D:5      | Noticed a phantom
  2885 | D:5      | Killed a phantom
  2885 | D:5      | Reached XP level 6. HP: 12/55 MP: 6/6
  2987 | D:5      | Reached skill level 5 in Unarmed Combat
  3056 | D:5      | Got a transparent scale mail
  3067 | D:5      | Identified the +4 scale mail of Resilience {rCorr} (You found it on level 5 of the Dungeon)
  3119 | D:5      | Noticed an ice beast
  3136 | D:5      | Killed an ice beast
  3136 | D:5      | Reached XP level 7. HP: 17/61 MP: 7/7
  3174 | D:5      | Reached skill level 6 in Unarmed Combat
  3270 | D:5      | Found a staircase to the Ecumenical Temple.
  3276 | Temple   | Entered the Ecumenical Temple
  3307 | Temple   | Became a worshipper of Makhleb the Destroyer
  3307 | Temple   | Reached * piety under Makhleb
  3307 | Temple   | Reached ** piety under Makhleb
  3653 | D:6      | Reached skill level 7 in Unarmed Combat
  3767 | D:6      | Reached XP level 8. HP: 40/69 MP: 8/8
  3835 | D:6      | Noticed Pikel
  3881 | D:6      | Killed Pikel
  3881 | D:6      | Reached skill level 8 in Unarmed Combat
  3881 | D:6      | Reached skill level 1 in Invocations
  4008 | D:6      | Reached skill level 9 in Unarmed Combat
  4140 | D:6      | Noticed Menkaure
  4158 | D:6      | Killed Menkaure
  4448 | D:7      | Gained mutation: You passively map the area around you. [Deep Dwarf growth]
  4448 | D:7      | Reached XP level 9. HP: 36/75 MP: 11/11
  4506 | D:7      | Found a transporter.
  4681 | D:7      | Reached skill level 10 in Unarmed Combat
  4834 | D:7      | Reached *** piety under Makhleb
  4890 | D:7      | Found a transporter.
  5133 | D:7      | Got a pitted scale mail
  5144 | D:7      | Identified the +2 scale mail "Acikez" {rF- Int+7 Slay+2} (You found it on level 7 of the Dungeon)
  5469 | D:8      | Reached skill level 10 in Invocations
  5469 | D:8      | Reached XP level 10. HP: 23/96 MP: 11/17
  5751 | D:8      | Identified the Disquisition on the Helpful Blaze
  6067 | D:9      | Found a staircase to the Lair.
  6140 | D:9      | Noticed a two-headed ogre
  6153 | D:9      | Killed a two-headed ogre
  6153 | D:9      | Reached skill level 11 in Unarmed Combat
  6194 | D:9      | You fall through a shaft for 2 floors!
  6243 | D:11     | Learned a level 1 spell: Beastly Appendage
  6501 | D:11     | Found a staircase to the Orcish Mines.
  6504 | D:11     | Reached **** piety under Makhleb
  6607 | D:11     | Found a flickering gateway to a bazaar.
  6616 | Bazaar   | Entered a bazaar
  6634 | Bazaar   | Found Toocacs's Weapon Shoppe.
  6634 | Bazaar   | Found Qaxin's Antique Armour Emporium.
  6656 | Bazaar   | Found Deqiru Cuclu's Distillery.
  6656 | Bazaar   | Found Nuruiw's Armour Emporium.
  6677 | Bazaar   | Found Hireyd Jeutz's Weapon Emporium.
  6744 | Bazaar   | Bought a pair of faintly glowing boots for 304 gold pieces
  6749 | Bazaar   | Identified the cursed +0 pair of boots "Cidoomul" {rF+ Int+4} (You bought it in a shop in a bazaar)
  6749 | Bazaar   | Bought a creamy pearl robe for 182 gold pieces
  6759 | Bazaar   | Identified the +1 robe of Failure {rElec Regen+ Str-5 Int+6} (You bought it in a shop in a bazaar)
  6923 | D:11     | Noticed a cyclops
  6932 | D:11     | Reached XP level 11. HP: 102/102 MP: 18/18
  7246 | D:12     | Reached skill level 12 in Unarmed Combat
  7272 | D:12     | Noticed a deep elf mage
  7287 | D:12     | Killed a deep elf mage
  7517 | D:12     | Noticed a two-headed ogre
  7524 | D:12     | Killed a two-headed ogre
  7524 | D:12     | Reached skill level 13 in Unarmed Combat
  7547 | D:12     | Noticed a white ugly thing
  7565 | D:12     | Killed a white ugly thing
  7626 | D:12     | Found a flickering gateway to a bazaar.
  7661 | Bazaar   | Entered a bazaar
  7661 | Bazaar   | Found Dorij's Distillery.
  7668 | Bazaar   | Found Gufar's Antique Armour Boutique.
  7676 | Bazaar   | Found Wiyd Wiz's Jewellery Boutique.
  7687 | Bazaar   | Found Emiar's General Store.
  7698 | Bazaar   | Found Bishi's Antique Weapon Shop.
  7726 | Bazaar   | Bought a potion of heal wounds for 55 gold pieces
  7776 | D:12     | Noticed a purple ugly thing
  7791 | D:12     | Killed a purple ugly thing
  7802 | D:12     | Gained mutation: You are clumsy. (Dex -2) [mutagenic meat]
  7803 | D:12     | Gained mutation: You have a pair of small horns on your head. [mutagenic meat]
  7817 | D:12     | Reached ***** piety under Makhleb
  7818 | D:12     | Found Goilegex's Elemental Accessories.
  7871 | D:10     | Entered Level 10 of the Dungeon
  8274 | D:10     | Found a radiant altar of Vehumet.
  8284 | D:10     | Killed an unseen horror
  8431 | D:10     | Reached skill level 14 in Unarmed Combat
  8496 | D:10     | Found a sparkling altar of Nemelex Xobeh.
  8567 | D:10     | Noticed Gastronok
  8578 | D:10     | Killed Gastronok
  8578 | D:10     | Reached XP level 12. HP: 110/110 MP: 17/19
  8747 | D:9      | Noticed a two-headed ogre
  8750 | D:9      | Killed a two-headed ogre
  8803 | D:9      | Learned a level 2 spell: Blink
  9255 | Orc:1    | Entered Level 1 of the Orcish Mines
  9325 | Orc:1    | Found Otyreg's Food Boutique.
  9626 | Orc:1    | Reached skill level 15 in Unarmed Combat
  9915 | Orc:2    | Entered Level 2 of the Orcish Mines
  9926 | Orc:2    | Reached skill level 5 in Evocations
  9978 | Orc:2    | Noticed a two-headed ogre
  9989 | Orc:2    | Killed a two-headed ogre
 10018 | Orc:2    | Noticed a two-headed ogre
 10035 | Orc:2    | Killed a two-headed ogre
 10244 | Orc:2    | Reached skill level 5 in Dodging
 10454 | Orc:2    | Reached ****** piety under Makhleb
 10535 | Orc:2    | Found a roughly hewn altar of Beogh.
 10554 | Orc:2    | Noticed a two-headed ogre
 10578 | Orc:2    | HP: 2/110 [orc knight/enchanted great mace (18)]
 10580 | Orc:2    | Slain by an orc knight

Skill      XL: |  1  2  3  4  5  6  7  8  9 10 11 12 |
---------------+-------------------------------------+-----
Unarmed Combat | 3 4 5 7 9 10 11 14 15 | 15.0
Armour         | 1 3 4 |  4.0
Slings         | 2 3 |  3.3
Evocations     | 1 3 7 |  7.4
Fighting       | 3 7 8 |  8.0
Invocations    | 2 10 11 | 11.0
Dodging        | 5 |  5.6
Stealth        | |  2.4

Action                   |  1- 3 |  4- 6 |  7- 9 | 10-12 || total
-------------------------+-------+-------+-------+-------++-------
Melee: Unarmed           |   165 |   168 |   248 |   833 ||  1414
       Punch             |     1 |     7 |     9 |    59 ||    76
       Headbutt          |       |       |       |   108 ||   108
 Fire: Hunting sling     |    19 |     8 |    13 |       ||    40
Throw: Stone             |     5 |       |       |       ||     5
Invok: Minor Destruction |       |       |     4 |    11 ||    15
 Abil: Evoke Berserk Rag |     1 |     2 |     9 |    20 ||    32
       Heal Wounds       |       |     1 |     2 |     2 ||     5
Evoke: Wand              |       |     8 |     1 |     3 ||    12
  Use: Potion            |       |     3 |     2 |     9 ||    14
       Scroll            |       |       |     4 |    13 ||    17
 Stab: Invisible         |       |     1 |       |       ||     1
       Sleeping          |       |       |       |     1 ||     1
  Eat: Chunk             |     3 |     6 |    12 |    24 ||    45
       Bread ration      |       |       |     1 |       ||     1
       Fruit             |       |       |     1 |     5 ||     6
       Meat ration       |       |       |       |     2 ||     2
Armor: Scale mail        |    75 |    63 |   109 |   351 ||   598
       Robe              |     1 |       |       |       ||     1
Dodge: Dodged            |    94 |    97 |   143 |   351 ||   685
